 Dungeon Sprint DCSS version 0.20-a0-1124-g2e29d97 (webtiles) character file.

203 potatolord6000 the Fighter (level 5, -2/63 HPs)
             Began as an Ogre Gladiator on May 16, 2017.
             Was an Initiate of Gozag.
             Slain by a troll (7 damage)
             ... in the Dungeon (Sprint IX: "|||||||||||||||||||||||||||||").
             The game lasted 00:01:27 (202 turns).

potatolord6000 the Fighter (Ogre Gladiator)          Turns: 202, Time: 00:01:27

Health: -2/63      AC: 13    Str: 19    XL:     5   Next: 81%
Magic:  5/5        EV: 12    Int:  9    God:    Gozag
Gold:   0          SH:  0    Dex: 13    Spells: 4/4 levels left

rFire    . . .     SeeInvis .   m - +2 halberd (protect)
rCold    . . .     Gourm    .   (shield currently unavailable)
rNeg     . . .     Faith    .   b - +0 robe
rPois    .         Spirit   .   c - +0 hat
rElec    .         Reflect  .   a - +0 cloak
rCorr    .         Harm     .   (gloves unavailable)
MR       .....     NoTele   +   (boots unavailable)
Stlth    +.........             (no amulet)
Regen    0.2/turn               n - +2 ring of protection
MPRegen  0.1/turn               o - +3 ring of dexterity

@: protection aura
A: unfitting armour, tough skin 1
a: Potion Petition, Call Merchant, Bribe Branch, Renounce Religion


You were in the Dungeon.
You worshipped Gozag.
Gozag was noncommittal.
You were not hungry.

You visited 1 branch

Inventory:

Hand Weapons
 m - a +2 halberd of protection (weapon)
Armour
 a - a +0 cloak (worn)
 b - a +0 robe (worn)
 c - a +0 hat (worn)
Jewellery
 n - a +2 ring of protection (left hand)
 o - a +3 ring of dexterity (right hand)
Scrolls
 h - 3 scrolls of remove curse
 j - 2 scrolls of amnesia
 k - 2 scrolls of blinking
Potions
 d - a potion of invisibility
 e - 5 potions of curing
 i - 4 potions of magic
Comestibles
 f - a bread ration


   Skills:
 + Level 8.1 Fighting
 + Level 6.4 Polearms
 - Level 2.0 Throwing
 + Level 4.5 Armour
 + Level 5.8 Dodging


You had 4 spell levels left.
You didn't know any spells.

Dungeon Overview and Level Annotations

Branches:
Dungeon (1/1)

Altars:
Cheibriados
Dithmenos
Elyvilon
Fedhas
Gozag
Hepliaklqana
Kikubaaqudgha
Makhleb
Nemelex Xobeh
Okawaru
Qazlal
Ru
Sif Muna
Trog
Uskayaw
Vehumet
Wu Jian
Xom
Yredelemnul
Zin
The Shining One
Beogh
Jiyva
Lugonu


Innate Abilities, Weirdness & Mutations

You are too large for most types of armour.
You have tough skin. (AC +1)


Message History

The troll claws you but does no damage.
You hit the troll but do no damage.
The troll is heavily wounded.
The troll closely misses you. The troll claws you but does no damage.
The troll claws you!
The phantom blinks!
You slash the troll!
The troll is heavily wounded.
The troll closely misses you. The troll claws you. The troll claws you!
* * * LOW HITPOINT WARNING * * *
The phantom blinks!
You puncture the troll!
The troll is almost dead.
The troll bites you!
* * * LOW HITPOINT WARNING * * *
The troll claws you but does no damage. x2; The phantom blinks!
You closely miss the troll.
The troll is almost dead.
The troll bites you!
You die...
Your body crumbles into a pile of gold. $$$$$ $$$$$ $ $ $ $$$$$ $ ▓▓▓▓▓▓▓▓▓▓▓▓▓▓▓▓▓▓▓▓▓▓▓▓ ______'..|)[§[./@Th....+ ▓▓▓▓▓▓▓▓▓▓▓▓▓▓▓▓▓▓▓▓▓▓▓▓

You could see a troll and a jackal.

Vanquished Creatures
  An orc warrior (D)
  A scorpion (D)
  A crimson imp (D)
  An adder (D)
  An adder skeleton (D)
  A worm (D)
  2 bats (D)
  A giant cockroach (D)
  A kobold (D)
  A jackal skeleton (D)
  2 rats (D)
13 creatures vanquished.

Notes
Turn   | Place    | Note
-------+----------+-------------------------------------------
     0 | D        | potatolord6000 the Ogre Gladiator began the quest for the Orb.
     0 | D        | Reached XP level 1. HP: 22/22 MP: 1/1
     8 | D        | Reached skill level 3 in Fighting
    13 | D        | Reached skill level 1 in Armour
    87 | D        | Noticed a scorpion
    87 | D        | Noticed a crimson imp
    97 | D        | Killed a scorpion
    97 | D        | Reached skill level 5 in Fighting
    97 | D        | Reached XP level 2. HP: 35/35 MP: 2/2
    97 | D        | Reached XP level 3. HP: 42/42 MP: 3/3
   112 | D        | Reached skill level 6 in Fighting
   112 | D        | Reached skill level 5 in Polearms
   112 | D        | Reached XP level 4. HP: 43/52 MP: 4/4
   124 | D        | Found a roughly hewn altar of Beogh.
   124 | D        | Found a snail-covered altar of Cheibriados.
   124 | D        | Found a shadowy altar of Dithmenos.
   124 | D        | Found a white marble altar of Elyvilon.
   124 | D        | Found a blossoming altar of Fedhas.
   124 | D        | Found an opulent altar of Gozag.
   125 | D        | Found a hazy altar of Hepliaklqana.
   126 | D        | Found a viscous altar of Jiyva.
   127 | D        | Found an ancient bone altar of Kikubaaqudgha.
   128 | D        | Found a corrupted altar of Lugonu.
   129 | D        | Found a burning altar of Makhleb.
   130 | D        | Found a sparkling altar of Nemelex Xobeh.
   131 | D        | Found an iron altar of Okawaru.
   132 | D        | Became a worshipper of Gozag Ym Sagoz the Greedy
   133 | D        | Found a stormy altar of Qazlal.
   134 | D        | Found a sacrificial altar of Ru.
   135 | D        | Found a deep blue altar of Sif Muna.
   136 | D        | Found a bloodstained altar of Trog.
   137 | D        | Found a hide-covered altar of Uskayaw.
   138 | D        | Found a radiant altar of Vehumet.
   139 | D        | Found an ornate altar of the Wu Jian Council.
   140 | D        | Found a shimmering altar of Xom.
   141 | D        | Found a basalt altar of Yredelemnul.
   142 | D        | Found a glowing silver altar of Zin.
   143 | D        | Found a glowing golden altar of the Shining One.
   179 | D        | Noticed an orc warrior
   179 | D        | Noticed a phantom
   179 | D        | Noticed a troll
   193 | D        | Killed an orc warrior
   193 | D        | Reached skill level 8 in Fighting
   193 | D        | Reached skill level 5 in Dodging
   193 | D        | Reached XP level 5. HP: 23/63 MP: 5/5
   202 | D        | Slain by a troll

Vault maps used:
D:        linesprint

Skill      XL: |  1  2  3  4 |
---------------+-------------+-----
Fighting       | 5 6 8 |  8.1
Armour         | 2 3 4 |  4.5
Dodging        | 4 5 |  5.8
Polearms       | 4 5 6 |  6.4
Throwing       | |  2.0

Action                   |  1- 3 |  4- 6 || total
-------------------------+-------+-------++-------
Melee: Trident           |    37 |       ||    37
       Halberd           |       |    20 ||    20
  Use: Potion            |     3 |     2 ||     5
Armor: Robe              |    12 |     8 ||    20
Dodge: Dodged            |    24 |     8 ||    32
